Nordiques vs Penguins
(R1)
Created - 15 janvier 2017 at 19:53
Goals
|
Nordiques |
1 |
0 |
1 |
0 |
2 |
Penguins |
1 |
1 |
0 |
1 |
3 |
|
Shots
|
Nordiques |
7 |
16 |
20 |
0 |
43 |
Penguins |
23 |
5 |
10 |
2 |
40 |
|
1st period
1. Penguins , Dion Phaneuf 10 (Max Pacioretty) at 4:41 (PP)
2. Nordiques , R.J. Umberger 18 (Jean-Pierre Dumont, Chris Drury) at 15:09
Penalties :
Dustin Byfuglien (Que) for High sticking (Minor) at 4:31, Nathan Horton (Pit) for Roughing (Double Minor) at 15:55
2nd period
3. Penguins , Steve Sullivan 5 (Brayden Schenn, Nikita Alexeev) at 14:07
Penalties :
Dustin Penner (Pit) for Tripping (Minor) at 7:39, Chris Drury (Que) for Hooking (Minor) at 16:05, Brian McGrattan (Pit) for Holding Stick (Minor) at 18:21
3rd period
4. Nordiques , Matt Moulson 11 (T.J. Fast, Jean-Pierre Dumont) at 18:38
Penalties :
Bobby Ryan (Pit) for Roughing (Minor) at 1:48, Dustin Byfuglien (Que) for Interference (Minor) at 10:18
Overtime #1
5. Penguins , Sam Gagner 14 (Dion Phaneuf) at 4:43
Penalties :
No Penalty
Goalie Stats
Martin Brodeur (Que), 37 saves from 40 shots - (0,925), OTL, 15-7-3, 64:43 minutes
Brian Elliott (Pit), 41 saves from 43 shots - (0,953), W, 21-4-1, 64:43 minutes
Players Stats for Nordiques
Player Name G A P +/- PIM S H SB GA TA FO MP PP MP PK MP
------------------------------------------------------------------------------------
Chris Drury 0 1 1 0 2 5 1 0 1 0 18/35 23:07 5:29 1:10
Dmitry Kulikov 0 0 0 0 0 0 1 2 0 4 0/0 24:05 4:05 1:41
Dustin Byfuglien 0 0 0 0 4 2 4 1 1 3 0/0 26:16 5:40 0:00
Fedor Tyutin 0 0 0 1 0 1 1 1 2 2 0/0 26:07 5:40 0:00
Jarret Stoll 0 0 0 0 0 1 1 0 1 0 3/7 14:54 0:27 1:32
Jean-Pierre Dumont 0 2 2 0 0 4 0 0 0 0 0/1 21:12 4:00 0:00
Kyle Calder 0 0 0 0 0 1 2 0 0 1 1/1 19:09 4:00 1:29
Mark Eaton 0 0 0 -1 0 3 2 3 1 0 0/0 23:42 4:05 1:41
Matt Moulson 1 0 1 0 0 2 1 0 1 0 0/0 13:29 0:38 0:29
Michael Ryder 0 0 0 0 0 5 1 0 2 0 0/0 12:59 0:38 0:00
Nikita Kucherov 0 0 0 0 0 2 1 0 0 0 0/0 19:27 5:18 0:00
Niklas Kronwall 0 0 0 0 0 2 0 0 0 0 0/0 14:54 0:11 2:27
Nikolai Kulemin 0 0 0 0 0 1 0 0 0 0 1/1 6:33 0:00 0:00
Pascal Dupuis 0 0 0 0 0 1 0 0 0 0 2/3 8:45 0:00 2:12
R.J. Umberger 1 0 1 1 0 7 3 0 1 2 2/3 21:01 5:18 0:00
Rich Peverley 0 0 0 0 0 4 0 0 0 0 0/0 7:57 0:00 1:24
T.J. Fast 0 1 1 0 0 2 0 1 0 1 0/0 14:24 0:11 2:27
Vaclav Prospal 0 0 0 0 0 0 1 1 0 1 4/8 16:40 4:00 0:00
Players Stats for Penguins
Player Name G A P +/- PIM S H SB GA TA FO MP PP MP PK MP
------------------------------------------------------------------------------------
Bobby Ryan 0 0 0 -2 2 4 3 0 1 0 0/0 20:57 2:15 1:43
Brayden Schenn 0 1 1 1 0 2 2 0 0 1 5/11 16:46 0:00 5:16
Brian McGrattan 0 0 0 0 2 1 1 0 0 0 0/1 9:57 0:08 0:00
Cory Sarich 0 0 0 1 0 0 0 1 1 1 0/0 12:14 0:00 0:00
Derek Joslin 0 0 0 1 0 1 0 0 1 0 0/0 12:14 0:00 0:00
Dion Phaneuf 1 1 2 0 0 4 1 2 3 1 0/0 29:19 2:33 4:51
Duncan Keith 0 0 0 -1 0 4 1 3 0 0 0/0 23:10 1:35 5:05
Dustin Penner 0 0 0 0 2 3 1 0 0 0 1/1 15:59 1:45 2:36
Josef Vasicek 0 0 0 0 0 0 0 1 0 2 1/9 13:44 0:00 2:46
Luke Schenn 0 0 0 -1 0 2 2 2 1 2 0/0 23:10 1:35 5:05
Max Pacioretty 0 1 1 -2 0 0 0 0 1 0 0/1 18:48 2:15 1:50
Nathan Horton 0 0 0 1 4 0 1 1 1 0 0/0 16:33 1:45 3:39
Nikita Alexeev 0 1 1 1 0 2 1 0 0 0 0/0 10:56 0:00 0:00
Sam Gagner 1 0 1 1 0 5 0 0 0 0 4/8 15:33 1:45 1:54
Sean Zimmerman 0 0 0 0 0 3 3 1 1 1 0/0 29:19 2:33 4:51
Simon Gagné 0 0 0 0 0 1 0 0 1 1 0/0 9:55 0:08 0:08
Steve Sullivan 1 0 1 1 0 5 1 1 1 0 0/0 10:56 0:00 0:00
Steven Stamkos 0 0 0 -2 0 3 2 1 2 1 17/28 19:22 2:23 0:00
3 Stars
1 - Dion Phaneuf (Pit)
2 - R.J. Umberger (Que)
3 - Brian Elliott (Pit)
Power Play
Nordiques - 0 on 5 Attempt(s) - 0,00%
Penguins - 1 on 3 Attempt(s) - 33,33%
Penalty Kill
Nordiques - 2 on 3 Attempt(s) - 66,67%
- Score 0 goal in Penalty Kill
Penguins - 5 on 5 Attempt(s) - 100,00%
- Score 0 goal in Penalty Kill
Team Stat
Nordiques - Hits : 19 - Faceoff Wins : 31 - Blocked Shots : 9 - Penalty Minutes : 6
Penguins - Hits : 19 - Faceoff Wins : 28 - Blocked Shots : 13 - Penalty Minutes : 10
Official
Referees : O'Halloran Dan and Hasenfratz Mike
Linesman : Pierre Racicot and Mark Pare
Game Notes
No Game Note
Finance
Level 1 -- Attendance: 6000 (100,00%) -- Ticket Income 462 000 $
Level 2 -- Attendance: 5000 (100,00%) -- Ticket Income 225 000 $
Level 3 -- Attendance: 2000 (100,00%) -- Ticket Income 56 000 $
Level 4 -- Attendance: 3704 (92,60%) -- Ticket Income 74 080 $
Luxury Box -- Attendance: 958 (95,80%) -- Ticket Income 153 280 $
Game was played at the Igloo.
Total Attendance: 17662 (98,12%)
Total Ticket Income: 970 360 $
Other Income: 145 554 $
Total Income: 1 115 914 $
Nordiques
5 vs 5 Forward
Center Left Wing Right Wing Time % Phy DF OF
1 Chris Drury R.J. Umberger Jean-Pierre Dumont 40 0 0 5
2 Vaclav Prospal Kyle Calder Nikita Kucherov 30 0 0 5
3 Jarret Stoll Matt Moulson Michael Ryder 20 0 0 5
4 Rich Peverley Nikolai Kulemin Pascal Dupuis 10 0 0 5
5 vs 5 Defense
Defense Defense Time % Phy DF OF
1 Fedor Tyutin Dustin Byfuglien 40 1 1 3
2 Mark Eaton Dmitry Kulikov 30 1 1 3
3 T.J. Fast Niklas Kronwall 20 1 3 1
4 Fedor Tyutin Dustin Byfuglien 10 1 1 3
PowerPlay Forward
Center Left Wing Right Wing Time % Phy DF OF
1 Chris Drury R.J. Umberger Nikita Kucherov 60 0 0 5
2 Vaclav Prospal Kyle Calder Jean-Pierre Dumont 40 0 0 5
PowerPlay Defense
Defense Defense Time % Phy DF OF
1 Fedor Tyutin Dustin Byfuglien 60 1 0 4
2 Mark Eaton Dmitry Kulikov 40 1 0 4
Penalty Kill 4 Players Forward
Center Wing Time % Phy DF OF
1 Pascal Dupuis Chris Drury 60 1 3 1
2 Jarret Stoll Rich Peverley 40 1 3 1
Penalty Kill 4 Players Defense
Defense Defense Time % Phy DF OF
1 T.J. Fast Niklas Kronwall 60 2 3 0
2 Mark Eaton Dmitry Kulikov 40 2 3 0
Penalty Kill - 3 Players Forward
Forward Time % Phy DF OF
1 Pascal Dupuis 60 1 4 0
2 Jarret Stoll 40 2 3 0
Penalty Kill - 3 Players Defense
Defense Defense Time % Phy DF OF
1 T.J. Fast Niklas Kronwall 60 1 4 0
2 Dustin Byfuglien Dmitry Kulikov 40 1 4 0
4 vs 4 Forward
Center Wing Time % Phy DF OF
1 Chris Drury Jean-Pierre Dumont 60 1 1 3
2 Vaclav Prospal Nikita Kucherov 40 1 1 3
4 vs 4 Defense
Defense Defense Time % Phy DF OF
1 Mark Eaton Dmitry Kulikov 60 1 3 1
2 Fedor Tyutin Dustin Byfuglien 40 1 3 1
Last Minutes Offensive
Center Left Wing Right Wing Defense Defense
Chris Drury R.J. Umberger Nikita Kucherov Dustin Byfuglien Dmitry Kulikov
Last Minutes Defensive
Center Left Wing Right Wing Defense Defense
Pascal Dupuis Rich Peverley Vaclav Prospal T.J. Fast Niklas Kronwall
Goaltenders
Starting : Martin Brodeur
Backup : Julien Ellis
Extra Forwards
Normal : Chris Drury, Nikita Kucherov, R.J. Umberger - PP : Chris Drury, Jean-Pierre Dumont - PK : Rich Peverley
Extra Defensemen
Normal : Fedor Tyutin, Mark Eaton, Dustin Byfuglien - PP : Fedor Tyutin - PK : Dmitry Kulikov, T.J. Fast
Penalty Shots
R.J. Umberger, Chris Drury, Vaclav Prospal, Jean-Pierre Dumont, Kyle Calder
Penguins
5 vs 5 Forward
Center Left Wing Right Wing Time % Phy DF OF
1 Steven Stamkos Max Pacioretty Bobby Ryan 40 0 2 3
2 Sam Gagner Dustin Penner Nathan Horton 30 0 2 3
3 Josef Vasicek Simon Gagné Brian McGrattan 20 0 2 3
4 Brayden Schenn Steve Sullivan Nikita Alexeev 10 0 2 3
5 vs 5 Defense
Defense Defense Time % Phy DF OF
1 Sean Zimmerman Dion Phaneuf 45 1 2 2
2 Luke Schenn Duncan Keith 33 1 2 2
3 Cory Sarich Derek Joslin 22 1 2 2
4 Luke Schenn Dion Phaneuf 0 1 2 2
PowerPlay Forward
Center Left Wing Right Wing Time % Phy DF OF
1 Steven Stamkos Max Pacioretty Bobby Ryan 60 0 1 4
2 Sam Gagner Dustin Penner Nathan Horton 40 0 1 4
PowerPlay Defense
Defense Defense Time % Phy DF OF
1 Sean Zimmerman Dion Phaneuf 60 0 2 3
2 Luke Schenn Duncan Keith 40 0 2 3
Penalty Kill 4 Players Forward
Center Wing Time % Phy DF OF
1 Brayden Schenn Nathan Horton 60 0 4 1
2 Josef Vasicek Bobby Ryan 40 0 4 1
Penalty Kill 4 Players Defense
Defense Defense Time % Phy DF OF
1 Sean Zimmerman Dion Phaneuf 60 1 4 0
2 Luke Schenn Duncan Keith 40 1 4 0
Penalty Kill - 3 Players Forward
Forward Time % Phy DF OF
1 Nathan Horton 60 0 4 1
2 Bobby Ryan 40 0 4 1
Penalty Kill - 3 Players Defense
Defense Defense Time % Phy DF OF
1 Sean Zimmerman Dion Phaneuf 60 1 4 0
2 Luke Schenn Duncan Keith 40 1 4 0
4 vs 4 Forward
Center Wing Time % Phy DF OF
1 Steven Stamkos Bobby Ryan 60 0 2 3
2 Sam Gagner Nathan Horton 40 0 2 3
4 vs 4 Defense
Defense Defense Time % Phy DF OF
1 Sean Zimmerman Dion Phaneuf 60 1 2 2
2 Luke Schenn Duncan Keith 40 1 2 2
Last Minutes Offensive
Center Left Wing Right Wing Defense Defense
Steven Stamkos Max Pacioretty Bobby Ryan Sean Zimmerman Dion Phaneuf
Last Minutes Defensive
Center Left Wing Right Wing Defense Defense
Brayden Schenn Simon Gagné Nathan Horton Sean Zimmerman Dion Phaneuf
Goaltenders
Starting : Brian Elliott
Backup : Josh Tordjman
Extra Forwards
Normal : Steven Stamkos, Sam Gagner, Josef Vasicek - PP : Steven Stamkos, Sam Gagner - PK : Nathan Horton
Extra Defensemen
Normal : Dion Phaneuf, Duncan Keith, Cory Sarich - PP : Derek Joslin - PK : Sean Zimmerman, Luke Schenn
Penalty Shots
Max Pacioretty, Bobby Ryan, Nathan Horton, Steven Stamkos, Simon Gagné
% Time on Ice - Nordiques
Lines # - Real PCT - Wanted PCT - Time Play
Normal Forward
1 - 33% - 40% - 15:08
2 - 27% - 30% - 12:12
3 - 26% - 20% - 12:03
4 - 14% - 10% - 6:33
Normal Defense
1 - 38% - 40% - 17:34
2 - 34% - 30% - 15:44
3 - 25% - 20% - 11:18
4 - 3% - 10% - 1:20
PP Forward
1 - 60% - 60% - 5:56
2 - 40% - 40% - 4:00
PP Defense
1 - 60% - 60% - 5:57
2 - 40% - 40% - 3:59
PK Forward
1 - 92% - 60% - 3:49
2 - 8% - 40% - 0:19
PK Defense
1 - 59% - 60% - 2:27
2 - 41% - 40% - 1:41
PK3 Forward
1 - 0% - 60%
2 - 0% - 40%
PK3 Defense
1 - 0% - 60%
2 - 0% - 40%
44 Forward
1 - 90% - 60% - 4:15
2 - 10% - 40% - 0:28
44 Defense
1 - 68% - 60% - 3:13
2 - 32% - 40% - 1:30
Last Minute Offensive - 0:00
Last Minute Defensive - 0:00
Total
Forward - 64:43
Defense - 64:43
|
% Time on Ice - Penguins
Lines # - Real PCT - Wanted PCT - Time Play
Normal Forward
1 - 34% - 40% - 15:25
2 - 22% - 30% - 10:02
3 - 21% - 20% - 9:33
4 - 24% - 10% - 10:56
Normal Defense
1 - 41% - 45% - 19:03
2 - 32% - 33% - 14:52
3 - 26% - 22% - 12:01
4 - 0% - 0% - 0:00
PP Forward
1 - 58% - 60% - 2:23
2 - 42% - 40% - 1:45
PP Defense
1 - 62% - 60% - 2:33
2 - 38% - 40% - 1:35
PK Forward
1 - 75% - 60% - 7:29
2 - 25% - 40% - 2:27
PK Defense
1 - 49% - 60% - 4:51
2 - 51% - 40% - 5:05
PK3 Forward
1 - 0% - 60%
2 - 0% - 40%
PK3 Defense
1 - 0% - 60%
2 - 0% - 40%
44 Forward
1 - 86% - 60% - 4:02
2 - 14% - 40% - 0:41
44 Defense
1 - 65% - 60% - 3:05
2 - 35% - 40% - 1:38
Last Minute Offensive - 0:00
Last Minute Defensive - 0:00
Total
Forward - 64:43
Defense - 64:43
|
Play by Play
1st period
0:01 of 1st period - Steven Stamkos wins face-off versus Chris Drury in neutral zone.
0:26 of 1st period - Sean Zimmerman is hit by Dustin Byfuglien and loses puck.
0:39 of 1st period - Snap shot by Steven Stamkos.
0:39 of 1st period - Stopped by Martin Brodeur with a rebound.
0:41 of 1st period - Slapshot by Bobby Ryan.
0:41 of 1st period - Shot Misses the Net.
1:31 of 1st period - Wrist shot by Steven Stamkos.
1:31 of 1st period - Stopped by Martin Brodeur without a rebound.
1:32 of 1st period - Sam Gagner wins face-off versus Vaclav Prospal in Nordiques zone.
1:41 of 1st period - Slapshot by Sam Gagner.
1:41 of 1st period - Stopped by Martin Brodeur with a rebound.
1:44 of 1st period - Icing by Dmitry Kulikov.
1:45 of 1st period - Vaclav Prospal wins face-off versus Josef Vasicek in Nordiques zone.
1:56 of 1st period - Slapshot by Vaclav Prospal.
1:56 of 1st period - Deflect By Nikita Kucherov.
1:56 of 1st period - Shot Misses the Net.
1:56 of 1st period - Puck is out of play.
1:57 of 1st period - Dustin Penner wins face-off versus Chris Drury in Penguins zone.
2:12 of 1st period - Snap shot by Sam Gagner.
2:12 of 1st period - Shot Misses the Net.
2:44 of 1st period - Snap shot by Kyle Calder.
2:44 of 1st period - Stopped by Brian Elliott without a rebound.
2:45 of 1st period - Brayden Schenn wins face-off versus Vaclav Prospal in Penguins zone.
2:50 of 1st period - Vaclav Prospal is hit by Dion Phaneuf and loses puck.
2:55 of 1st period - Snap shot by Brayden Schenn.
2:55 of 1st period - Stopped by Martin Brodeur with a rebound.
3:21 of 1st period - Slapshot by Steve Sullivan.
3:21 of 1st period - Deflect By Mark Eaton.
3:21 of 1st period - Stopped by Martin Brodeur with a rebound.
3:45 of 1st period - Snap shot by Steve Sullivan.
3:45 of 1st period - Stopped by Martin Brodeur with a rebound.
3:47 of 1st period - Slapshot by Nikita Alexeev.
3:47 of 1st period - Stopped by Martin Brodeur with a rebound.
3:49 of 1st period - Slapshot by Derek Joslin.
3:49 of 1st period - Shot Blocked by Dmitry Kulikov.
3:51 of 1st period - Backhand shot by Brayden Schenn.
3:51 of 1st period - Shot Misses the Net.
4:04 of 1st period - Slapshot by Sean Zimmerman.
4:04 of 1st period - Shot Blocked by Mark Eaton.
4:06 of 1st period - Snap shot by Brayden Schenn.
4:06 of 1st period - Shot Misses the Net.
4:28 of 1st period - Off-side.
4:29 of 1st period - Chris Drury wins face-off versus Sam Gagner in neutral zone.
4:31 of 1st period - Minor Penalty to Dustin Byfuglien for High sticking.
4:32 of 1st period - Pascal Dupuis wins face-off versus Steven Stamkos in Nordiques zone.
4:32 of 1st period - Pascal Dupuis is hit by Sean Zimmerman.
4:41 of 1st period - Slapshot by Dion Phaneuf.
4:41 of 1st period - Goal by Dion Phaneuf - Nordiques : 0 - Penguins : 1.
4:42 of 1st period - Sam Gagner wins face-off versus Chris Drury in neutral zone.
4:51 of 1st period - Wrist shot by Dion Phaneuf.
4:51 of 1st period - Deflect By Dustin Penner.
4:51 of 1st period - Stopped by Martin Brodeur with a rebound.
5:35 of 1st period - Slapshot by Duncan Keith.
5:35 of 1st period - Stopped by Martin Brodeur with a rebound.
5:37 of 1st period - Wrist shot by Brian McGrattan.
5:37 of 1st period - Shot Misses the Net.
5:53 of 1st period - Wrist shot by R.J. Umberger.
5:53 of 1st period - Shot Blocked by Nathan Horton.
5:55 of 1st period - Snap shot by Dustin Byfuglien.
5:55 of 1st period - Stopped by Brian Elliott with a rebound.
8:18 of 1st period - Slapshot by Dion Phaneuf.
8:18 of 1st period - Stopped by Martin Brodeur with a rebound.
8:20 of 1st period - Slapshot by Dion Phaneuf.
8:20 of 1st period - Shot Misses the Net.
8:22 of 1st period - Snap shot by Nathan Horton.
8:22 of 1st period - Shot Misses the Net.
8:24 of 1st period - Slapshot by Sean Zimmerman.
8:24 of 1st period - Stopped by Martin Brodeur without a rebound.
8:25 of 1st period - Chris Drury wins face-off versus Steven Stamkos in Nordiques zone.
9:21 of 1st period - Luke Schenn is hit by Kyle Calder and loses puck.
9:38 of 1st period - Snap shot by Steven Stamkos.
9:38 of 1st period - Shot Misses the Net.
9:40 of 1st period - Snap shot by Duncan Keith.
9:40 of 1st period - Shot Blocked by Dustin Byfuglien.
9:47 of 1st period - Icing by Dustin Byfuglien.
9:48 of 1st period - Sam Gagner wins face-off versus Chris Drury in Nordiques zone.
9:51 of 1st period - Snap shot by Sam Gagner.
9:51 of 1st period - Stopped by Martin Brodeur with a rebound.
10:17 of 1st period - Snap shot by Bobby Ryan.
10:17 of 1st period - Stopped by Martin Brodeur with a rebound.
11:05 of 1st period - Wrist shot by Dustin Penner.
11:05 of 1st period - Stopped by Martin Brodeur with a rebound.
11:07 of 1st period - Snap shot by Sam Gagner.
11:07 of 1st period - Stopped by Martin Brodeur with a rebound.
12:18 of 1st period - Snap shot by Steven Stamkos.
12:18 of 1st period - Stopped by Martin Brodeur with a rebound.
12:20 of 1st period - Slapshot by Luke Schenn.
12:20 of 1st period - Stopped by Martin Brodeur with a rebound.
12:22 of 1st period - Slapshot by Luke Schenn.
12:22 of 1st period - Stopped by Martin Brodeur without a rebound.
12:23 of 1st period - Chris Drury wins face-off versus Sam Gagner in Nordiques zone.
13:00 of 1st period - Duncan Keith is hit by Nikita Kucherov and loses puck.
13:37 of 1st period - Slapshot by Dion Phaneuf.
13:37 of 1st period - Stopped by Martin Brodeur with a rebound.
13:47 of 1st period - Wrist shot by Jarret Stoll.
13:47 of 1st period - Shot Blocked by Dion Phaneuf.
14:07 of 1st period - Wrist shot by Jarret Stoll.
14:07 of 1st period - Stopped by Brian Elliott with a rebound.
14:09 of 1st period - Wrist shot by Dustin Byfuglien.
14:09 of 1st period - Deflect By Jarret Stoll.
14:09 of 1st period - Shot Misses the Net.
14:09 of 1st period - Puck is out of play.
14:10 of 1st period - Chris Drury wins face-off versus Steven Stamkos in Penguins zone.
14:11 of 1st period - Wrist shot by R.J. Umberger.
14:11 of 1st period - Deflect By Jean-Pierre Dumont.
14:11 of 1st period - Shot Misses the Net.
14:11 of 1st period - Puck is out of play.
14:12 of 1st period - Chris Drury wins face-off versus Steven Stamkos in Penguins zone.
14:15 of 1st period - Snap shot by Jean-Pierre Dumont.
14:15 of 1st period - Deflect By Chris Drury.
14:15 of 1st period - Shot Misses the Net.
14:15 of 1st period - Puck is out of play.
14:16 of 1st period - Steven Stamkos wins face-off versus Jean-Pierre Dumont in Penguins zone.
15:01 of 1st period - Slapshot by Rich Peverley.
15:01 of 1st period - Stopped by Brian Elliott with a rebound.
15:03 of 1st period - Slapshot by Niklas Kronwall.
15:03 of 1st period - Shot Blocked by Josef Vasicek.
15:05 of 1st period - Snap shot by Pascal Dupuis.
15:05 of 1st period - Stopped by Brian Elliott with a rebound.
15:07 of 1st period - Wrist shot by Rich Peverley.
15:07 of 1st period - Stopped by Brian Elliott without a rebound.
15:08 of 1st period - Chris Drury wins face-off versus Max Pacioretty in Penguins zone.
15:09 of 1st period - Slapshot by Jean-Pierre Dumont.
15:09 of 1st period - Deflect By R.J. Umberger.
15:09 of 1st period - Goal by R.J. Umberger - Nordiques : 1 - Penguins : 1.
15:10 of 1st period - Steven Stamkos wins face-off versus Chris Drury in neutral zone.
15:55 of 1st period - Double Minor Penalty to Nathan Horton for Roughing.
15:56 of 1st period - Chris Drury wins face-off versus Brayden Schenn in Penguins zone.
16:11 of 1st period - Snap shot by Brayden Schenn.
16:11 of 1st period - Stopped by Martin Brodeur with a rebound.
16:21 of 1st period - Dustin Penner is hit by Dustin Byfuglien and loses puck.
17:43 of 1st period - Chris Drury is hit by Bobby Ryan and loses puck.
17:48 of 1st period - Snap shot by Bobby Ryan.
17:48 of 1st period - Stopped by Martin Brodeur with a rebound.
17:50 of 1st period - Wrist shot by Bobby Ryan.
17:50 of 1st period - Stopped by Martin Brodeur without a rebound.
17:51 of 1st period - Vaclav Prospal wins face-off versus Brayden Schenn in Nordiques zone.
18:04 of 1st period - Chris Drury is hit by Sean Zimmerman.
18:08 of 1st period - Dustin Penner is hit by Mark Eaton and loses puck.
18:59 of 1st period - Sam Gagner is hit by Michael Ryder and loses puck.
19:50 of 1st period - Niklas Kronwall is hit by Brayden Schenn and loses puck.
19:55 of 1st period - Penalty to Nathan Horton is over, Nathan Horton is back on ice.
Goals for this period are 1 for Nordiques vs 1 for Penguins.
Shots for this period are 7 for Nordiques vs 23 for Penguins.
2nd period
0:01 of 2nd period - Steven Stamkos wins face-off versus R.J. Umberger in neutral zone.
0:15 of 2nd period - Off-side.
0:16 of 2nd period - Chris Drury wins face-off versus Sam Gagner in neutral zone.
0:25 of 2nd period - Snap shot by Chris Drury.
0:25 of 2nd period - Shot Blocked by Dion Phaneuf.
0:46 of 2nd period - Backhand shot by Nikita Kucherov.
0:46 of 2nd period - Stopped by Brian Elliott with a rebound.
1:47 of 2nd period - Wrist shot by Nikita Alexeev.
1:47 of 2nd period - Shot Misses the Net.
2:03 of 2nd period - Slapshot by T.J. Fast.
2:03 of 2nd period - Stopped by Brian Elliott with a rebound.
2:05 of 2nd period - Snap shot by Kyle Calder.
2:05 of 2nd period - Shot Blocked by Luke Schenn.
2:07 of 2nd period - Slapshot by Niklas Kronwall.
2:07 of 2nd period - Shot Misses the Net.
2:44 of 2nd period - Sam Gagner is hit by Mark Eaton and loses puck.
2:56 of 2nd period - Pascal Dupuis is hit by Nathan Horton.
3:06 of 2nd period - Slapshot by Mark Eaton.
3:06 of 2nd period - Shot Blocked by Cory Sarich.
3:08 of 2nd period - Slapshot by Mark Eaton.
3:08 of 2nd period - Stopped by Brian Elliott without a rebound.
3:09 of 2nd period - Brayden Schenn wins face-off versus Jarret Stoll in Penguins zone.
3:14 of 2nd period - Snap shot by Duncan Keith.
3:14 of 2nd period - Shot Misses the Net.
3:16 of 2nd period - Snap shot by Steve Sullivan.
3:16 of 2nd period - Shot Misses the Net.
3:18 of 2nd period - Snap shot by Nikita Alexeev.
3:18 of 2nd period - Stopped by Martin Brodeur with a rebound.
3:53 of 2nd period - Kyle Calder is hit by Luke Schenn and loses puck.
4:11 of 2nd period - T.J. Fast is hit by Nikita Alexeev and loses puck.
4:33 of 2nd period - Nikita Kucherov is hit by Steve Sullivan and loses puck.
4:54 of 2nd period - Snap shot by Vaclav Prospal.
4:54 of 2nd period - Shot Misses the Net.
4:56 of 2nd period - Slapshot by Dustin Byfuglien.
4:56 of 2nd period - Stopped by Brian Elliott without a rebound.
4:57 of 2nd period - Chris Drury wins face-off versus Steven Stamkos in Penguins zone.
5:00 of 2nd period - Slapshot by R.J. Umberger.
5:00 of 2nd period - Shot Misses the Net.
5:08 of 2nd period - Snap shot by Chris Drury.
5:08 of 2nd period - Shot Blocked by Duncan Keith.
5:10 of 2nd period - Slapshot by R.J. Umberger.
5:10 of 2nd period - Stopped by Brian Elliott without a rebound.
5:11 of 2nd period - Chris Drury wins face-off versus Steven Stamkos in Penguins zone.
5:12 of 2nd period - Snap shot by Jean-Pierre Dumont.
5:12 of 2nd period - Stopped by Brian Elliott without a rebound.
5:13 of 2nd period - Steven Stamkos wins face-off versus Chris Drury in Penguins zone.
5:35 of 2nd period - Icing by Dion Phaneuf.
5:36 of 2nd period - Jarret Stoll wins face-off versus Steven Stamkos in Penguins zone.
5:39 of 2nd period - Wrist shot by Michael Ryder.
5:39 of 2nd period - Stopped by Brian Elliott with a rebound.
5:41 of 2nd period - Snap shot by Matt Moulson.
5:41 of 2nd period - Deflect By Michael Ryder.
5:41 of 2nd period - Stopped by Brian Elliott with a rebound.
5:43 of 2nd period - Slapshot by Mark Eaton.
5:43 of 2nd period - Stopped by Brian Elliott with a rebound.
5:45 of 2nd period - Slapshot by Dmitry Kulikov.
5:45 of 2nd period - Shot Blocked by Steven Stamkos.
6:18 of 2nd period - Wrist shot by Steven Stamkos.
6:18 of 2nd period - Deflect By Dmitry Kulikov.
6:18 of 2nd period - Shot Misses the Net.
6:18 of 2nd period - Puck is out of play.
6:19 of 2nd period - Vaclav Prospal wins face-off versus Sam Gagner in Nordiques zone.
6:44 of 2nd period - Kyle Calder is hit by Brian McGrattan and loses puck.
7:13 of 2nd period - Snap shot by Chris Drury.
7:13 of 2nd period - Stopped by Brian Elliott with a rebound.
7:39 of 2nd period - Minor Penalty to Dustin Penner for Tripping.
7:40 of 2nd period - Chris Drury wins face-off versus Brayden Schenn in Penguins zone.
7:53 of 2nd period - Snap shot by R.J. Umberger.
7:53 of 2nd period - Deflect By Chris Drury.
7:53 of 2nd period - Stopped by Brian Elliott without a rebound.
7:54 of 2nd period - Brayden Schenn wins face-off versus Chris Drury in Penguins zone.
8:34 of 2nd period - Brayden Schenn is hit by Kyle Calder and loses puck.
9:39 of 2nd period - Penalty to Dustin Penner is over, Dustin Penner is back on ice.
9:39 of 2nd period - Sam Gagner is hit by Fedor Tyutin and loses puck.
10:03 of 2nd period - Icing by Fedor Tyutin.
10:04 of 2nd period - Nikolai Kulemin wins face-off versus Steven Stamkos in Nordiques zone.
10:18 of 2nd period - Slapshot by Rich Peverley.
10:18 of 2nd period - Stopped by Brian Elliott with a rebound.
10:20 of 2nd period - Wrist shot by Nikolai Kulemin.
10:20 of 2nd period - Shot Blocked by Duncan Keith.
10:24 of 2nd period - Snap shot by Pascal Dupuis.
10:24 of 2nd period - Deflect By Rich Peverley.
10:24 of 2nd period - Shot Misses the Net.
10:24 of 2nd period - Puck is out of play.
10:25 of 2nd period - Josef Vasicek wins face-off versus Chris Drury in Penguins zone.
10:25 of 2nd period - Josef Vasicek is hit by R.J. Umberger.
10:35 of 2nd period - Snap shot by Brian McGrattan.
10:35 of 2nd period - Stopped by Martin Brodeur with a rebound.
10:37 of 2nd period - Slapshot by Cory Sarich.
10:37 of 2nd period - Shot Misses the Net.
10:41 of 2nd period - Snap shot by Brian McGrattan.
10:41 of 2nd period - Deflect By Simon Gagné.
10:41 of 2nd period - Shot Blocked by Dmitry Kulikov.
10:41 of 2nd period - Puck is out of play.
10:42 of 2nd period - Steven Stamkos wins face-off versus Vaclav Prospal in Nordiques zone.
10:51 of 2nd period - Mark Eaton is hit by Bobby Ryan and loses puck.
12:23 of 2nd period - Slapshot by Derek Joslin.
12:23 of 2nd period - Stopped by Martin Brodeur with a rebound.
12:25 of 2nd period - Slapshot by Cory Sarich.
12:25 of 2nd period - Shot Blocked by Fedor Tyutin.
14:07 of 2nd period - Backhand shot by Brayden Schenn.
14:07 of 2nd period - Deflect By Steve Sullivan.
14:07 of 2nd period - Goal by Steve Sullivan - Nordiques : 1 - Penguins : 2.
14:08 of 2nd period - Steven Stamkos wins face-off versus Chris Drury in neutral zone.
14:11 of 2nd period - Chris Drury is hit by Sean Zimmerman and loses puck.
14:27 of 2nd period - Icing by Jean-Pierre Dumont.
14:28 of 2nd period - Sam Gagner wins face-off versus Chris Drury in Nordiques zone.
14:29 of 2nd period - Wrist shot by Nathan Horton.
14:29 of 2nd period - Shot Misses the Net.
14:41 of 2nd period - Slapshot by R.J. Umberger.
14:41 of 2nd period - Stopped by Brian Elliott with a rebound.
14:43 of 2nd period - Slapshot by Chris Drury.
14:43 of 2nd period - Stopped by Brian Elliott with a rebound.
14:45 of 2nd period - Slapshot by Fedor Tyutin.
14:45 of 2nd period - Deflect By Nathan Horton.
14:45 of 2nd period - Stopped by Brian Elliott without a rebound.
14:46 of 2nd period - Vaclav Prospal wins face-off versus Steven Stamkos in Penguins zone.
15:08 of 2nd period - Icing by Sean Zimmerman.
15:09 of 2nd period - Steven Stamkos wins face-off versus Chris Drury in Penguins zone.
16:00 of 2nd period - Snap shot by Duncan Keith.
16:00 of 2nd period - Stopped by Martin Brodeur without a rebound.
16:01 of 2nd period - Steven Stamkos wins face-off versus Chris Drury in Nordiques zone.
16:05 of 2nd period - Minor Penalty to Chris Drury for Hooking.
16:06 of 2nd period - Pascal Dupuis wins face-off versus Steven Stamkos in Nordiques zone.
17:15 of 2nd period - Wrist shot by Matt Moulson.
17:15 of 2nd period - Shot Blocked by Luke Schenn.
17:17 of 2nd period - Snap shot by Matt Moulson.
17:17 of 2nd period - Shot Misses the Net.
17:27 of 2nd period - Pascal Dupuis is hit by Dustin Penner and loses puck.
17:57 of 2nd period - Icing by Sean Zimmerman.
17:58 of 2nd period - Steven Stamkos wins face-off versus Jarret Stoll in Penguins zone.
18:05 of 2nd period - Penalty to Chris Drury is over, Chris Drury is back on ice.
18:05 of 2nd period - Dmitry Kulikov is hit by Steven Stamkos and loses puck.
18:21 of 2nd period - Minor Penalty to Brian McGrattan for Holding Stick.
18:22 of 2nd period - Brayden Schenn wins face-off versus Chris Drury in Penguins zone.
18:32 of 2nd period - Snap shot by R.J. Umberger.
18:32 of 2nd period - Stopped by Brian Elliott with a rebound.
18:48 of 2nd period - Sean Zimmerman is hit by Vaclav Prospal and loses puck.
Goals for this period are 0 for Nordiques vs 1 for Penguins.
Shots for this period are 16 for Nordiques vs 5 for Penguins.
3rd period
0:01 of 3rd period - R.J. Umberger wins face-off versus Brayden Schenn in neutral zone.
0:16 of 3rd period - Wrist shot by Chris Drury.
0:16 of 3rd period - Stopped by Brian Elliott with a rebound.
0:21 of 3rd period - Penalty to Brian McGrattan is over, Brian McGrattan is back on ice.
1:14 of 3rd period - Slapshot by Nikita Alexeev.
1:14 of 3rd period - Deflect By Steve Sullivan.
1:14 of 3rd period - Stopped by Martin Brodeur with a rebound.
1:16 of 3rd period - Slapshot by Luke Schenn.
1:16 of 3rd period - Shot Blocked by T.J. Fast.
1:18 of 3rd period - Wrist shot by Duncan Keith.
1:18 of 3rd period - Stopped by Martin Brodeur with a rebound.
1:36 of 3rd period - Slapshot by Niklas Kronwall.
1:36 of 3rd period - Stopped by Brian Elliott without a rebound.
1:37 of 3rd period - Kyle Calder wins face-off versus Steven Stamkos in Penguins zone.
1:46 of 3rd period - Wrist shot by Kyle Calder.
1:46 of 3rd period - Shot Blocked by Sean Zimmerman.
1:48 of 3rd period - Minor Penalty to Bobby Ryan for Roughing.
1:49 of 3rd period - Chris Drury wins face-off versus Brayden Schenn in Penguins zone.
2:02 of 3rd period - Snap shot by Chris Drury.
2:02 of 3rd period - Stopped by Brian Elliott without a rebound.
2:03 of 3rd period - Chris Drury wins face-off versus Brayden Schenn in Penguins zone.
2:33 of 3rd period - Snap shot by Mark Eaton.
2:33 of 3rd period - Shot Misses the Net.
2:35 of 3rd period - Wrist shot by Jean-Pierre Dumont.
2:35 of 3rd period - Stopped by Brian Elliott without a rebound.
2:36 of 3rd period - Brayden Schenn wins face-off versus Chris Drury in Penguins zone.
2:47 of 3rd period - Snap shot by Nikita Kucherov.
2:47 of 3rd period - Stopped by Brian Elliott with a rebound.
3:07 of 3rd period - Snap shot by Jean-Pierre Dumont.
3:07 of 3rd period - Shot Misses the Net.
3:09 of 3rd period - Slapshot by Kyle Calder.
3:09 of 3rd period - Shot Blocked by Duncan Keith.
3:11 of 3rd period - Slapshot by Jean-Pierre Dumont.
3:11 of 3rd period - Shot Misses the Net.
3:48 of 3rd period - Penalty to Bobby Ryan is over, Bobby Ryan is back on ice.
3:59 of 3rd period - Slapshot by Bobby Ryan.
3:59 of 3rd period - Shot Misses the Net.
4:01 of 3rd period - Slapshot by Sean Zimmerman.
4:01 of 3rd period - Stopped by Martin Brodeur with a rebound.
4:03 of 3rd period - Snap shot by Steven Stamkos.
4:03 of 3rd period - Shot Misses the Net.
5:01 of 3rd period - Slapshot by Rich Peverley.
5:01 of 3rd period - Stopped by Brian Elliott with a rebound.
5:27 of 3rd period - Backhand shot by Steve Sullivan.
5:27 of 3rd period - Shot Misses the Net.
5:43 of 3rd period - Slapshot by Dion Phaneuf.
5:43 of 3rd period - Shot Misses the Net.
6:05 of 3rd period - Wrist shot by Nikolai Kulemin.
6:05 of 3rd period - Shot Misses the Net.
6:43 of 3rd period - Wrist shot by Duncan Keith.
6:43 of 3rd period - Deflect By Dmitry Kulikov.
6:43 of 3rd period - Stopped by Martin Brodeur without a rebound.
6:44 of 3rd period - Steven Stamkos wins face-off versus Vaclav Prospal in Nordiques zone.
6:45 of 3rd period - Backhand shot by Bobby Ryan.
6:45 of 3rd period - Stopped by Martin Brodeur with a rebound.
7:01 of 3rd period - Snap shot by Steven Stamkos.
7:01 of 3rd period - Shot Blocked by Vaclav Prospal.
7:18 of 3rd period - Nathan Horton is hit by Chris Drury and loses puck.
7:31 of 3rd period - Snap shot by Nikita Alexeev.
7:31 of 3rd period - Deflect By Steve Sullivan.
7:31 of 3rd period - Stopped by Martin Brodeur with a rebound.
7:37 of 3rd period - R.J. Umberger is hit by Brayden Schenn and loses puck.
8:04 of 3rd period - Wrist shot by Matt Moulson.
8:04 of 3rd period - Stopped by Brian Elliott without a rebound.
8:05 of 3rd period - Steven Stamkos wins face-off versus Jarret Stoll in Penguins zone.
9:00 of 3rd period - Slapshot by Dion Phaneuf.
9:00 of 3rd period - Stopped by Martin Brodeur with a rebound.
9:02 of 3rd period - Wrist shot by Simon Gagné.
9:02 of 3rd period - Shot Misses the Net.
9:24 of 3rd period - Brayden Schenn is hit by R.J. Umberger and loses puck.
9:37 of 3rd period - Wrist shot by Michael Ryder.
9:37 of 3rd period - Stopped by Brian Elliott with a rebound.
9:39 of 3rd period - Slapshot by Dmitry Kulikov.
9:39 of 3rd period - Deflect By Michael Ryder.
9:39 of 3rd period - Stopped by Brian Elliott with a rebound.
9:41 of 3rd period - Slapshot by Mark Eaton.
9:41 of 3rd period - Stopped by Brian Elliott without a rebound.
9:42 of 3rd period - Steven Stamkos wins face-off versus Jarret Stoll in Penguins zone.
9:42 of 3rd period - Steven Stamkos is hit by Dustin Byfuglien.
10:18 of 3rd period - Minor Penalty to Dustin Byfuglien for Interference.
10:19 of 3rd period - Steven Stamkos wins face-off versus Pascal Dupuis in Nordiques zone.
12:18 of 3rd period - Penalty to Dustin Byfuglien is over, Dustin Byfuglien is back on ice.
12:31 of 3rd period - Snap shot by R.J. Umberger.
12:31 of 3rd period - Stopped by Brian Elliott without a rebound.
12:32 of 3rd period - R.J. Umberger wins face-off versus Josef Vasicek in Penguins zone.
13:09 of 3rd period - Wrist shot by Michael Ryder.
13:09 of 3rd period - Shot Misses the Net.
13:41 of 3rd period - Josef Vasicek is hit by Dmitry Kulikov and loses puck.
14:02 of 3rd period - Jean-Pierre Dumont is hit by Steven Stamkos and loses puck.
14:42 of 3rd period - Slapshot by Niklas Kronwall.
14:42 of 3rd period - Deflect By Brayden Schenn.
14:42 of 3rd period - Stopped by Brian Elliott with a rebound.
14:44 of 3rd period - Wrist shot by Nikolai Kulemin.
14:44 of 3rd period - Shot Misses the Net.
14:46 of 3rd period - Wrist shot by Niklas Kronwall.
14:46 of 3rd period - Shot Blocked by Steve Sullivan.
14:48 of 3rd period - Slapshot by Nikolai Kulemin.
14:48 of 3rd period - Shot Misses the Net.
14:50 of 3rd period - Slapshot by T.J. Fast.
14:50 of 3rd period - Stopped by Brian Elliott with a rebound.
14:52 of 3rd period - Snap shot by Rich Peverley.
14:52 of 3rd period - Shot Misses the Net.
15:09 of 3rd period - Fedor Tyutin is hit by Luke Schenn and loses puck.
15:30 of 3rd period - Chris Drury is hit by Bobby Ryan and loses puck.
16:09 of 3rd period - Snap shot by Rich Peverley.
16:09 of 3rd period - Shot Misses the Net.
16:11 of 3rd period - Snap shot by Nikolai Kulemin.
16:11 of 3rd period - Stopped by Brian Elliott without a rebound.
16:12 of 3rd period - Chris Drury wins face-off versus Josef Vasicek in Penguins zone.
16:15 of 3rd period - Wrist shot by Jean-Pierre Dumont.
16:15 of 3rd period - Stopped by Brian Elliott with a rebound.
16:17 of 3rd period - Snap shot by R.J. Umberger.
16:17 of 3rd period - Stopped by Brian Elliott without a rebound.
16:18 of 3rd period - Chris Drury wins face-off versus Josef Vasicek in Penguins zone.
16:27 of 3rd period - Wrist shot by R.J. Umberger.
16:27 of 3rd period - Stopped by Brian Elliott with a rebound.
16:29 of 3rd period - Snap shot by Jean-Pierre Dumont.
16:29 of 3rd period - Stopped by Brian Elliott without a rebound.
16:30 of 3rd period - Chris Drury wins face-off versus Brian McGrattan in Penguins zone.
16:35 of 3rd period - Slapshot by Chris Drury.
16:35 of 3rd period - Shot Misses the Net.
16:57 of 3rd period - Bobby Ryan is hit by Matt Moulson and loses puck.
17:03 of 3rd period - Off-side.
17:04 of 3rd period - Jarret Stoll wins face-off versus Josef Vasicek in neutral zone.
17:07 of 3rd period - Josef Vasicek is hit by Jarret Stoll and loses puck.
18:01 of 3rd period - Wrist shot by Dustin Penner.
18:01 of 3rd period - Stopped by Martin Brodeur without a rebound.
18:02 of 3rd period - Chris Drury wins face-off versus Josef Vasicek in Nordiques zone.
18:02 of 3rd period - Chris Drury is hit by Duncan Keith.
18:38 of 3rd period - Wrist shot by Matt Moulson.
18:38 of 3rd period - Goal by Matt Moulson - Nordiques : 2 - Penguins : 2.
18:39 of 3rd period - Jarret Stoll wins face-off versus Josef Vasicek in neutral zone.
18:46 of 3rd period - Wrist shot by Michael Ryder.
18:46 of 3rd period - Stopped by Brian Elliott with a rebound.
18:54 of 3rd period - Slapshot by Simon Gagné.
18:54 of 3rd period - Deflect By Dustin Byfuglien.
18:54 of 3rd period - Stopped by Martin Brodeur with a rebound.
19:41 of 3rd period - Wrist shot by Sam Gagner.
19:41 of 3rd period - Stopped by Martin Brodeur with a rebound.
Goals for this period are 1 for Nordiques vs 0 for Penguins.
Shots for this period are 20 for Nordiques vs 10 for Penguins.
Overtime #1
0:01 of 1st overtime period - Steven Stamkos wins face-off versus Chris Drury in neutral zone.
0:12 of 1st overtime period - Snap shot by Steven Stamkos.
0:12 of 1st overtime period - Shot Blocked by Mark Eaton.
0:14 of 1st overtime period - Wrist shot by Steven Stamkos.
0:14 of 1st overtime period - Shot Blocked by Mark Eaton.
0:16 of 1st overtime period - Slapshot by Sean Zimmerman.
0:16 of 1st overtime period - Stopped by Martin Brodeur without a rebound.
0:17 of 1st overtime period - Steven Stamkos wins face-off versus Chris Drury in Nordiques zone.
0:31 of 1st overtime period - Icing by Dion Phaneuf.
0:32 of 1st overtime period - Steven Stamkos wins face-off versus Chris Drury in Penguins zone.
2:37 of 1st overtime period - Luke Schenn is hit by Dustin Byfuglien and loses puck.
3:50 of 1st overtime period - Luke Schenn is hit by R.J. Umberger and loses puck.
4:04 of 1st overtime period - Icing by Matt Moulson.
4:05 of 1st overtime period - Chris Drury wins face-off versus Josef Vasicek in Nordiques zone.
4:43 of 1st overtime period - Slapshot by Sam Gagner.
4:43 of 1st overtime period - Goal by Sam Gagner - Nordiques : 2 - Penguins : 3.
Goals for this period are 0 for Nordiques vs 1 for Penguins.
Shots for this period are 0 for Nordiques vs 2 for Penguins.
Back to the Top